 Dungeon Crawl Stone Soup version 0.32-a0-876-gcfddb08e57 (webtiles) character file.

Game seed: 5551631416129482352

350 Gunch the Slasher (level 6, -1/47 HPs)
             Began as a Coglin Warper on Mar 31, 2024.
             Slain by a cerulean imp
             ... wielding a +2 spear
             ... summoned by Natasha
              (5 damage)
             ... on level 2 of the Dungeon.
             The game lasted 00:03:56 (2498 turns).

Gunch the Slasher (Coglin Warper)                   Turns: 2498, Time: 00:03:57

Health: -1/47      AC:  5    Str: 11    XL:     6   Next: 60%
Magic:  8/8        EV: 10    Int: 12    God:
Gold:   68         SH:  0    Dex: 16    Spells: 4/8 levels left

rFire   . . .        a - +0 falchion {Edeltraud}
rCold   . . .        e - +0 dagger {Yan}
rNeg    . . .        m - +0 ring mail
rPois   .            (no helmet)
rElec   .            (no cloak)
rCorr   .            (no gloves)
SInv    .            (no boots)
Will    .....        (amulet unavailable)
Stlth   +            (ring unavailable)
HPRegen 0.27/turn    (ring unavailable)
MPRegen 0.11/turn    (no gizmo)

%: no passive effects
@: revved
A: off-hand wielding, slow wielding, warmup strikes, no jewellery
a: Invent Gizmo


You were on level 2 of the Dungeon.
You visited 1 branch of the dungeon, and saw 3 of its levels.

You collected 68 gold pieces.

Inventory:

Hand Weapons
 a - a +0 falchion (weapon) {Edeltraud}
 e - a +0 dagger (offhand) {Yan}
Missiles
 h - a throwing net (quivered)
 l - 4 poisoned darts
Armour
 m - a +0 ring mail (worn)
Wands
 i - a wand of flame (23)
Scrolls
 d - a scroll of enchant armour
Potions
 j - 3 potions of brilliance


   Skills:
 + Level 3.6 Fighting
 * Level 4.9 Long Blades
 - Level 0.8 Throwing
 - Level 1.1 Armour
 - Level 2.0 Dodging
 - Level 1.7 Spellcasting
 + Level 4.3 Translocations


You had 4 spell levels left.
You knew the following spells:

 Your Spells              Type           Power      Damage    Failure   Level
a - Blink                 Tloc           22%        N/A       17%         2
b - Lesser Beckoning      Tloc           22%        N/A       17%         2

Your spell library contained the following spells:

 Spells                   Type           Power      Damage    Failure   Level
 Teleport Other           Tloc           11%        N/A       32%         3
 Maxwell's Portable Pile  Tloc           11%        2d(7-13)  73%         4
 Vhi's Electric Charge    Tloc/Air       12%        N/A       95%         4


Dungeon Overview and Level Annotations

Branches:
Dungeon (3/15)

Altars:
Zin

Shops:
D:1 !

Annotations:
D:2 Natasha


Innate Abilities, Weirdness & Mutations

You can wield a second weapon in your off-hand.
It takes a long time for you to wield or remove held weapons.
Your first few attacks do less damage.
You cannot equip rings or amulets.


Message History

You barely miss Natasha with your +0 falchion.
You closely miss Natasha with your +0 dagger.
The cerulean imp barely misses you. Natasha claws you!
The cerulean imp closely misses you.
The cerulean imp hits you but does no damage.
You barely miss Natasha with your +0 falchion.
You miss Natasha with your +0 dagger.
You feel sick. The cerulean imp completely misses you.
Natasha closely misses you.
The cerulean imp hits you from afar with a +2 spear.
* * * LOW HITPOINT WARNING * * *
The cerulean imp hits you but does no damage.
You hit Natasha with your +0 dagger.
Natasha is lightly wounded.
You hit Natasha with your +0 falchion.
You feel sick.
You are no longer poisoned.
The cerulean imp barely misses you. Natasha claws you.
* * * LOW HITPOINT WARNING * * *
The cerulean imp hits you but does no damage.
The cerulean imp closely misses you.
You closely miss Natasha with your +0 dagger.
Natasha is moderately wounded.
You barely miss Natasha with your +0 falchion.
The cerulean imp hits you but does no damage.
Natasha claws you.
* * * LOW HITPOINT WARNING * * *
The cerulean imp closely misses you.
The cerulean imp hits you but does no damage.
You hit Natasha but do no damage.
Natasha is moderately wounded.
You hit Natasha with your +0 falchion.
The cerulean imp hits you with a +0 spear.
* * * LOW HITPOINT WARNING * * *
Natasha claws you but does no damage.
The cerulean imp hits you from afar with a +2 spear.
* * * LOW HITPOINT WARNING * * *
You closely miss Natasha with your +0 dagger.
Natasha is heavily wounded.
You hit Natasha with your +0 falchion.
The cerulean imp hits you from afar with a +2 spear.
You die...

####.# #.#.......#
...#.#####.###.###.#
##.#.#.......#.# #.#
#.#.#.....#.#.# #.#
#.#.#######.#.# #.#
#.#.#.......#.# #.#
#.#.#.#.......###'#######
##.#.#.##.######.........#
..............5h@.>......#
...#.#.##.#.#.5#.5.(.....#
####.#.##)#.#..#.........#
#.#.##[#.#..#.........#
#.#.##......#.........#
#.#.####....#.........#
#.#.........#.........#
#.#..####...#.........#
#.#..# #...#.........#


You could see Natasha and 3 cerulean imps.

Vanquished Creatures
  Sigmund (D:2)
  A jelly (D:2)
  Natasha (twice) (D:2)
  An orc wizard (D:3)
  3 adders
  A ribbon worm (D:2)
  2 orcs (D:3)
  6 endoplasms
  3 giant cockroaches
  4 hobgoblins
  6 kobolds
  A quokka (D:2)
  3 ball pythons
  5 bats (D:1)
  6 frilled lizards
  4 goblins
  6 rats
55 creatures vanquished.

Notes
Turn   | Place    | Note
-------+----------+-------------------------------------------
     0 | D:1      | Gunch the Coglin Warper began the quest for the Orb.
     0 | D:1      | Reached XP level 1. HP: 16/16 MP: 3/3
    37 | D:1      | Reached skill level 1 in Armour
    43 | D:1      | Reached XP level 2. HP: 22/22 MP: 4/4
   164 | D:1      | Found Koco's Distillery.
   181 | D:1      | Learned a level 2 spell: Blink
   184 | D:1      | Learned a level 2 spell: Lesser Beckoning
   341 | D:1      | Reached XP level 3. HP: 27/27 MP: 5/5
   568 | D:2      | Noticed Sigmund
  1217 | D:2      | Killed Sigmund
  1218 | D:2      | Reached XP level 4. HP: 9/35 MP: 4/6
  1218 | D:2      | Reached XP level 5. HP: 10/41 MP: 4/7
  1363 | D:2      | Found a glowing silver altar of Zin.
  1609 | D:2      | Noticed Natasha
  1615 | D:2      | Killed Natasha
  1616 | D:2      | Reached XP level 6. HP: 38/47 MP: 8/8
  1812 | D:2      | Noticed Natasha
  1818 | D:2      | Killed Natasha
  2350 | D:2      | Noticed Natasha
  2498 | D:2      | Slain by a cerulean imp

Illustrated notes

Levels and vault maps discovered:
D:1:      lightli_arrival_isolated_outpost, layout_basic, serial_shops, shop
D:2:      layout_basic, basic_altar, kennysheep_generic_room_10, uniq_natasha,
          uniq_sigmund
D:3:      layout_rooms, shapermc_ecumenical_altar_acropolis,
          uniq_crazy_yiuf_cottage

Skill      XL: |  1  2  3  4  5 |
---------------+----------------+-----
Armour         | 1 |  1.1
Dodging        | 2 |  2.0
Fighting       | 3 |  3.6
Long Blades    | 4 |  4.9
Translocations | 4 |  4.3
Throwing       | |  0.8
Spellcasting   | |  1.7

Action                     |  1- 3 |  4- 6 || total
---------------------------+-------+-------++-------
  Melee: Falchion          |    58 |    76 ||   134
         Dagger            |    50 |    70 ||   120
  Throw: Dart              |     7 |       ||     7
   Cast: Lesser Beckoning  |     1 |       ||     1
    Use: Scroll            |       |     4 ||     4
         Potion            |       |     2 ||     2
   Stab: Sleeping          |     1 |     1 ||     2
 Armour: Leather armour    |    40 |     9 ||    49
         Ring mail         |       |    57 ||    57
  Dodge: Dodged            |    28 |    51 ||    79

Table legend: (Time is in decaauts)
 A = Elapsed time spent in this place.
 B = Non-inter-level travel time spent in this place.
 C = Inter-level travel time spent in this place.
 D = Time resting spent in this place.
 E = Time spent auto-exploring this place.
 F = Levels seen in this place.
 G = Mean time per level.
                   A        B        C        D        E       F      G
               +--------+--------+--------+--------+--------+-----+--------+
         Total |   2509 |   2476 |     33 |    500 |   1557 |   3 |  836.3 |
       Dungeon |   2509 |   2476 |     33 |    500 |   1557 |   3 |  836.3 |
               +--------+--------+--------+--------+--------+-----+--------+

Top non-repeatable levels by time:
     D:2: 1318 daAuts
     D:1: 1142 daAuts
     D:3: 49 daAuts
